Map: [ESL] Moondance

Players

Rattata

  • Race: Zerg Zerg
  • Spawn Location: 12:00

PtitDrogo - Winner!

  • Race: Protoss Protoss
  • Spawn Location: 6:00

Event: DreamHack SC2 Masters 2022 Atlanta (Online)

VOD

Have the link to the VOD?

Description

Time

  • Played on: Oct. 9, 2022, 12:23 p.m.
  • Length: 8:29

All games in this series

Show
View Real Time Build Order
Export as new Build Order

Rattata Zerg 

Build Orders: Hatch First 

Get SALT Encoding   

  12  0:00  Drone  
  13  0:13  Overlord  
  13  0:16  Drone  
  14  0:31  Drone x2  
  16  0:48  Hatchery  
  15  0:50  Drone  
  15  0:54  Drone  
  17  0:57  Drone  
  18  1:08  Extractor  
  17  1:13  Spawning Pool  
  17  1:16  Drone  
  17  1:19  Drone  
  18  1:28  Drone  
  19  1:39  Drone  
  20  1:50  Overlord  
  20  2:00  Queen x2  
  20  2:01  Zergling x4  
  26  2:12  Drone  
  26  2:13  Drone  
  26  2:14  Metabolic Boost  
  28  2:22  Drone x2  
  30  2:34  Hatchery  
  29  2:37  Zergling x2  
  29  2:42  Zergling x2  
  31  2:46  Queen  
  31  2:50  Overlord  
  33  2:55  Drone  
  33  2:57  Drone  
  35  2:58  Drone  
  35  3:06  Drone  
  35  3:10  Drone  
  35  3:11  Drone x2  
  35  3:12  Drone  
  40  3:15  Queen  
  41  3:24  Overlord  
  41  3:28  Drone x2  
  41  3:33  Roach Warren  
  41  3:34  Drone, Extractor  
  41  3:39  Drone  
  43  3:44  Drone  
  45  3:48  Drone x4  
  48  3:55  Drone  
  48  3:56  Drone x2  
  48  4:01  Overlord  
  51  4:11  Overlord  
  51  4:15  Roach x3  
  57  4:19  Spore Crawler x2  
  57  4:20  Lair  
  57  4:21  Spore Crawler  
  54  4:24  Zergling x4  
  54  4:28  Zergling x4  
  58  4:37  Drone x6  
  64  4:41  Drone x2  
  65  4:46  Overlord  
  65  4:48  Roach x2  
  69  4:56  Roach x2  
  69  4:59  Overlord  
  73  5:06  Roach x2  
  77  5:09  Overlord  
  77  5:10  Drone x4  
  77  5:12  Evolution Chamber  
  80  5:18  Overlord  
  80  5:24  Glial Reconstitution  
  77  5:30  Queen  
  77  5:32  Drone x2  
  70  5:36  Drone x5  
  70  5:40  Drone x2  
  77  5:43  Drone x2  
  77  5:44  Drone  
  77  5:50  Overlord  
  77  5:55  Drone x2  
  79  6:03  Overlord  
  79  6:06  Overlord  
  79  6:07  Drone x3  
  80  6:12  Drone  
  80  6:13  Zerg Missile Weapons Level 1  
  80  6:14  Drone, Extractor x2  
  80  6:20  Drone x2  
  80  6:23  Drone, Extractor  
  80  6:25  Extractor  
  81  6:32  Drone x4  
  85  6:38  Overlord  
  85  6:41  Drone, Hatchery, Overlord  
  85  6:42  Drone x2  
  85  6:45  Drone x2  
  89  6:49  Drone  
  90  6:55  Roach x3  
  90  6:56  Overseer  
  90  7:00  Overlord  
  95  7:02  Ravager  
  95  7:04  Roach x4  
  104  7:11  Roach x3  
  110  7:16  Ravager x2  
  110  7:17  Zergling x6  
  110  7:18  Ravager  
  116  7:23  Roach x2  
  114  7:31  Zergling x4, Roach x3  
  114  7:36  Zergling x2  
  114  7:37  Zergling x2, Roach x2  
  114  7:42  Ravager x2  
  114  7:43  Ravager  
  104  7:44  Zergling x6, Queen  
  103  7:53  Zergling x4, Roach  
  103  7:57  Zergling x2  
  102  8:02  Ravager x2  
  102  8:03  Zergling x6  
  102  8:05  Zergling x6  
  108  8:13  Ravager x2  
Show
View Real Time Build Order
Export as new Build Order

PtitDrogo Protoss - Winner!

Build Orders: 1 Gate Expand, Zealot Archon, Archon Drop, Dark Templar Rush 

Get SALT Encoding   

  12  0:00  Probe  
  13  0:12  Probe  
  14  0:19  Pylon  
  14  0:24  Probe  
  15  0:37  Probe (Chrono Boost)  
  15  0:40  Gateway  
  16  0:46  Probe (Chrono Boost)  
  16  0:49  Assimilator  
  17  0:51  Probe  
  18  1:03  Probe  
  19  1:15  Probe  
  20  1:27  Nexus  
  20  1:36  Cybernetics Core  
  21  1:40  Probe  
  21  1:45  Assimilator  
  21  1:52  Probe  
  22  1:54  Pylon  
  22  2:04  Probe  
  23  2:10  Adept (Chrono Boost)  
  25  2:16  Probe  
  25  2:19  Twilight Council  
  25  2:21  Warp Gate  
  27  2:30  Probe (Chrono Boost)  
  27  2:32  Stalker  
  29  2:39  Probe (Chrono Boost)  
  31  2:48  Probe x2 (Chrono Boost)  
  32  2:53  Probe (Chrono Boost)  
  32  2:54  Probe (Chrono Boost)  
  34  3:05  Probe  
  35  3:06  Probe  
  36  3:16  Dark Shrine  
  36  3:17  Probe  
  36  3:18  Robotics Facility, Probe  
  38  3:22  Shield Battery  
  38  3:29  Probe (Chrono Boost)  
  38  3:33  Gateway  
  40  3:37  Gateway, Probe (Chrono Boost)  
  40  3:40  Probe (Chrono Boost)  
  41  3:46  Gateway  
  41  3:47  Probe x2  
  43  3:52  Pylon  
  43  3:56  Assimilator  
  43  3:58  Assimilator  
  43  4:00  Probe  
  44  4:04  Warp Prism (Chrono Boost)  
  47  4:10  Probe  
  47  4:12  Probe  
  48  4:19  Pylon  
  48  4:22  Probe  
  49  4:24  Probe  
  50  4:34  Probe  
  50  4:36  Probe  
  52  4:43  Pylon  
  52  4:47  Dark Templar  
  52  4:48  Dark Templar x3  
  52  4:51  Pylon  
  52  4:52  Archon x2  
  60  4:58  Observer (Chrono Boost)  
  61  5:05  Nexus  
  61  5:08  Pylon  
  61  5:11  Probe x2  
  63  5:16  Immortal (Chrono Boost)  
  67  5:38  Probe  
  67  5:40  Probe  
  67  5:41  Forge  
  69  5:48  Immortal (Chrono Boost)  
  73  5:53  Probe  
  73  5:57  Probe  
  75  5:59  Blink  
  75  6:05  Probe  
  75  6:09  Protoss Ground Weapons Level 1 (Chrono Boost)  
  76  6:13  Sentry x4  
  76  6:17  Probe  
  85  6:19  Probe  
  85  6:20  Immortal (Chrono Boost)  
  85  6:24  Gateway x2  
  90  6:26  Probe  
  90  6:28  Gateway  
  90  6:29  Probe  
  90  6:30  Gateway  
  92  6:42  Probe  
  94  6:47  Assimilator  
  94  6:49  Stalker x3, Pylon  
  94  6:52  Stalker  
  101  6:54  Observer  
  101  7:08  Pylon  
  101  7:11  Pylon  
  101  7:13  Pylon  
  101  7:27  Stalker x7  
  101  7:53  Stalker x8  
  102  8:17  Stalker x8  
Tags
 
Add a new tag
Caveats
  • Supply blocks, unpowered buildings, or Contaminate may cause inaccurate times.
  • Supply counts are checked every 10 seconds.